 Dungeon Crawl Stone Soup version 0.31-a0-703-gcfe89afef6 (webtiles) character file.

Game seed: 1932820287611299613

18 avis the Ducker (level 2, 12/12 HPs)
             Began as a Felid Shapeshifter on Sept 9, 2023.
             Got out of the dungeon alive.
             The game lasted 00:02:26 (339 turns).

avis the Ducker (Felid Shapeshifter)                 Turns: 339, Time: 00:02:27

Health: 12/12      AC:  1    Str: 10    XL:     2   Next: 48%
Magic:  3/3        EV: 18    Int: 11    God:
Gold:   16         SH:  0    Dex: 15    Spells: 1/1 levels left
                                        Lives:  0   Deaths: 1

rFire   . .          .
                       - Unarmed
rCold   . . .        (shield unavailable)
rNeg    . . .        (body armour unavailable)
rPois   .            (helmet unavailable)
rElec   .            (cloak unavailable)
rCorr   .            (gloves unavailable)
SInv    +            (boots unavailable)
Will    .....        (no amulet)
Stlth   ++           (no ring)
HPRegen 0.22/turn    (no ring)
MPRegen 0.08/turn

%: no passive effects
@: beast-form, quick
A: beast (slay +1), very small, claws 1, fangs 3, see invisible, speed 1, shaggy
fur 1, stealthy paws, no weapons or thrown items, no armour, multi-lived
a: Begin Untransformation


You escaped.
You were a hulking beast.
You visited 1 branch of the dungeon, and saw 1 of its levels.

You collected 16 gold pieces.

Inventory:

Talismans
 b - a beast talisman (active)
 c - a flux talisman
Scrolls
 d - 3 scrolls of fear {unknown}
 e - a scroll of fog {unknown}
Potions
 a - a potion of lignification


   Skills:
 - Level 1.0 Fighting
 * Level 4.1 Dodging
 - Level 1.0 Stealth
 - Level 3.0 Unarmed Combat
 - Level 3.2 Shapeshifting


You had one spell level left.
You didn't know any spells.
Your spell library was empty.

Dungeon Overview and Level Annotations

Branches:
Dungeon (1/15)

Altars:


Innate Abilities, Weirdness & Mutations

You are a hulking beast.
Your limbs bulge with bestial killing power. (Slay +1)
You have sharp claws.
You have razor-sharp teeth.
You have supernaturally acute eyesight. (SInv)
You cover ground quickly. (Speed+)
You are covered in fur. (AC +1)
Your paws help you pounce on unaware monsters.
You are incapable of wielding weapons or throwing items.
You cannot wear armour.
You gain extra lives every three experience levels.


Message History

You kill the dart slug!
The hobgoblin completely misses you.
You closely miss the hobgoblin.
The hobgoblin is moderately wounded.
The hobgoblin misses you.
You scratch the hobgoblin.
You kill the hobgoblin!
Your Dodging skill increases to level 4!
You scratch the kobold.
You kill the kobold!
You scratch the rat.
You kill the rat!
A rat comes into view.
The bat misses you.
You closely miss the bat. The bat closely misses you.
You barely miss the bat. Your claw misses the bat. Your bite misses the bat.
The bat barely misses you.
You scratch the goblin.
The goblin is moderately wounded.
The bat closely misses you. The goblin completely misses you.
You closely miss the goblin.
The goblin is moderately wounded.
The bat misses you. The goblin hits you with a +0 dagger.
* * * LOW HITPOINT WARNING * * *
You closely miss the goblin.
The goblin is moderately wounded.
A kobold comes into view. It is wielding a +0 dagger.
The goblin hits you with a +0 dagger.
You die...
Your shape twists and changes as you die.
You rejoin the land of the living...
A rat comes into view.
The rat barely misses you.
You see here a quokka corpse.
You claw the rat!
You kill the rat!
You see here a ball python corpse.
You see here a +0 whip.
There is a staircase leading out of the dungeon here.
You have escaped!

#8.....8#....#.###.#
##.....#####.#.....##
#.....# #)#.......
###.....### #.#.#.....
#.........# #.#.#.#.##
##.........###........#
#...........##.........
####...........####......#
#8.......h.......8#..†....
####...........####......#
#...........##........#
##.........###........#
#..8...8..# #.###.####
###.....### #..##.####
###.### ##.##..... #.#
#.##.###. #8#
#####.##.....


There were no monsters in sight!

Vanquished Creatures
  2 dart slugs (D:1)
  A bat (D:1)
  An endoplasm (D:1)
  2 hobgoblins (D:1)
  2 quokkas (D:1)
  A ball python (D:1)
  A kobold (D:1)
  4 rats (D:1)
14 creatures vanquished.

Notes
Turn   | Place    | Note
-------+----------+-------------------------------------------
     0 | D:1      | avis the Felid Shapeshifter began the quest for the Orb.
     0 | D:1      | Reached XP level 1. HP: 9/9 MP: 2/2
   107 | D:1      | Reached skill level 1 in Stealth
   129 | D:1      | Reached skill level 3 in Dodging
   142 | D:1      | Reached XP level 2. HP: 3/12 MP: 3/3
   262 | D:1      | Reached skill level 4 in Dodging
   268 | D:1      | Slain by a goblin
   339 | D:$      | Got out of the dungeon alive.

Illustrated notes

Levels and vault maps discovered:
D:1:      psy_arrival_heroes, layout_loops_ring, minmay_hexomino_c4

Skill      XL: |  1  2 |
---------------+-------+-----
Stealth        | 1 |  1.0
Dodging        | 3 4 |  4.1
Fighting       | |  1.0
Unarmed Combat | |  3.0
Shapeshifting  | |  3.2

Action                     || total
---------------------------++-------
  Melee: Unarmed           ||    31
         Punch             ||     1
         Bite              ||     1
 Armour: Skin              ||     6
  Dodge: Dodged            ||    18

Table legend: (Time is in decaauts)
 A = Elapsed time spent in this place.
 B = Non-inter-level travel time spent in this place.
 C = Inter-level travel time spent in this place.
 D = Time resting spent in this place.
 E = Time spent auto-exploring this place.
 F = Levels seen in this place.
 G = Mean time per level.
                   A        B        C        D        E       F      G
               +--------+--------+--------+--------+--------+-----+--------+
         Total |    286 |    234 |     52 |     45 |    117 |   1 |  286.0 |
       Dungeon |    286 |    234 |     52 |     45 |    117 |   1 |  286.0 |
               +--------+--------+--------+--------+--------+-----+--------+

Top non-repeatable levels by time:
     D:1: 286 daAuts
